 Dungeon Crawl Stone Soup version 0.29-a0-378-gc08b2e8bf8 (webtiles) character file.

Game seed: 6731672301752612219

5285 zishaf the Jinx (level 10, -2/76 HPs)
             Began as a Vampire Enchanter on May 4, 2022.
             Was a Follower of Wu Jian.
             Succumbed to an orange demon's poison
             ... on level 8 of the Dungeon.
             The game lasted 00:20:19 (8836 turns).

zishaf the Jinx (Vampire Enchanter)                 Turns: 8836, Time: 00:20:20

Health: -2/76      AC: 10    Str:  7    XL:     10   Next: 37%
Magic:  7/16       EV: 13    Int: 22    God:    Wu Jian [*.....]
Gold:   459        SH:  4    Dex: 15    Spells: 2/17 levels left

rFire   . . .      SeeInvis +   p - +3 dagger (spect)
rCold   + . .      Faith    .   J - +0 buckler
rNeg    . . .      Spirit   .   b - +0 robe
rPois   .          Reflect  .   a - +2 helmet
rElec   .          Harm     .   k - +2 cloak
rCorr   .          Rampage  .   w - +0 pair of gloves
Will    +....                   v - +0 pair of boots
Stlth   ++++......              (no amulet)
HPRegen 0.42/turn               I - ring of protection from cold
MPRegen 0.15/turn               (no ring)

@: lethally poisoned (-2 -> -27), healing quickly, invisible
A: alive, fangs 3, see invisible, vampiric 2
a: Exsanguinate, Renounce Religion


You were on level 8 of the Dungeon.
You worshipped Wu Jian.
Wu Jian was aware of your devotion.
You visited 2 branches of the dungeon, and saw 9 of its levels.

You collected 459 gold pieces.

Inventory:

Hand Weapons
 p - a +3 spectral dagger (weapon)
Missiles
 h - 23 poisoned darts (quivered)
 i - 2 throwing nets
Armour
 a - a +2 helmet (worn)
 b - a +0 robe (worn)
 k - a +2 cloak (worn)
 q - a scarf of resistance
 v - a +0 pair of boots (worn)
 w - a +0 pair of gloves (worn)
 J - a +0 buckler (worn)
Jewellery
 I - a ring of protection from cold (left hand)
Wands
 d - a wand of flame (21)
 j - a wand of polymorph (6)
 u - a wand of iceblast (6)
 A - a wand of acid (12)
 F - a wand of charming (7)
Scrolls
 e - a scroll of enchant weapon
 f - 3 scrolls of magic mapping
 y - a scroll of poison
 B - a scroll of summoning {unknown}
 C - a scroll of enchant armour {unknown}
 D - a scroll of fog {unknown}
 E - a scroll of amnesia
 H - a scroll of torment {unknown}
Potions
 c - 2 potions of invisibility
 g - 3 potions of ambrosia
 l - 2 potions of heal wounds
 m - 2 potions of haste
 o - 3 potions of mutation
 r - a potion of cancellation
 s - 2 potions of flight
 t - 2 potions of lignification
 x - a potion of degeneration {unknown}
 z - 2 potions of might {unknown}
 G - a potion of resistance {unknown}


   Skills:
 + Level 6.1 Fighting
 + Level 7.4 Short Blades
 + Level 5.0 Dodging
 - Level 8.0 Stealth
 + Level 1.0 Shields
 + Level 4.4 Spellcasting
 - Level 9.0 Hexes
 + Level 3.6 Summonings
 + Level 6.5 Ice Magic


You had 2 spell levels left.
You knew the following spells:

 Your Spells              Type           Power      Damage    Failure   Level
a - Ensorcelled Hibernat  Hex/Ice        78%        N/A       1%          2
b - Tukima's Dance        Hex            44%        N/A       1%          3
c - Confusing Touch       Hex            44%        N/A       1%          3
d - Frozen Ramparts       Ice            66%        1d8       3%          3
e - Summon Ice Beast      Ice/Summ       27%        N/A       19%         4

Your spell library contained the following spells:

 Spells                   Type           Power      Damage    Failure   Level
 Summon Small Mammal      Summ           80%        N/A       3%          1
 Animate Skeleton         Necr           8%         N/A       14%         1
 Apportation              Tloc           8%         N/A       14%         1
 Beastly Appendage        Tmut           8%         N/A       14%         1
 Magic Dart               Conj           16%        1d3       14%         1
 Sandblast                Erth           8%         2d5       14%         1
 Passwall                 Tmut/Erth      3%         N/A       22%         2
 Searing Ray              Conj           8%         2d4       22%         2
 Wereblood                Tmut           4%         N/A       22%         2
 Dazzling Flash           Conj/Hex       48%        N/A       7%          3
 Portal Projectile        Hex/Tloc       48%        N/A       7%          3
 Call Canine Familiar     Summ           20%        N/A       10%         3
 Fulminant Prism          Conj/Hex       12%        3d9       22%         4
 Leda's Liquefaction      Hex/Erth       12%        N/A       22%         4
 Ice Form                 Ice/Tmut       19%        N/A       36%         4
 Spider Form              Tmut/Pois      4%         N/A       41%         3
 Stone Arrow              Conj/Erth      8%         3d7       41%         3


Dungeon Overview and Level Annotations

Branches:
Dungeon (8/15)             Temple (1/1) D:6
   Lair: D:8-11

Altars:
Dithmenos
Elyvilon
Fedhas
Gozag
Hepliaklqana
Kikubaaqudgha
Makhleb
Ru
Sif Muna
Uskayaw
Vehumet
Wu Jian
Xom
Yredelemnul
Zin
The Shining One

Shops:
D:3 [

Annotations:
D:5 1 runed translucent door


Innate Abilities, Weirdness & Mutations

Your natural rate of healing is accelerated.
You have razor-sharp teeth.
You have supernaturally acute eyesight. (SInv)
You are afflicted with vampirism and can become a bat while bloodless.


Message History

The scorpion is almost dead.
Your +3 spectral dagger hits the scorpion.
You kill the scorpion!
The scorpion's corpse disappears in a puff of smoke!
You feel sick.
You feel sick.
Amaemon barely misses you. x2; Amaemon tail-slaps you.
You are more poisoned.
Amaemon poisons you!
You hit Amaemon.
Amaemon is almost dead.
Your +3 spectral dagger hits Amaemon.
You feel very sick.
Something foul drips from Amaemon's claws.
You block Amaemon's attack. Amaemon closely misses you. x2
The orange demon closely misses you.
The orange demon hits you but does no damage.
You hit Amaemon.
Amaemon is almost dead.
Your +3 spectral dagger closely misses Amaemon.
You feel very sick. The orange demon stings you.
* * * LOW HITPOINT WARNING * * *
You are lethally poisoned!
The orange demon poisons you!
The orange demon hits you but does no damage.
You catch the helpless Amaemon completely off-guard!
You impale Amaemon!!
You kill Amaemon!
The Council accepts your kill.
* * * LOW HITPOINT WARNING * * *
You feel extremely sick.
Your Dodging skill increases to level 5!
Your Shields skill increases to level 1!
Okay, then.
Keep bloodletting?
* * * LOW HITPOINT WARNING * * *
You feel extremely sick. The orange demon misses you. x2
You begin bloodletting.
You continue bloodletting.
You die...

......# ####.....#
..###.#####..#'###+#
#####....##.#).# #.#
####..#.......## #.#.#
..##....#...<## #.#.#
#.....###.##.#####.#.#
.....####.###...##.#.###
.....##.....###..ยง.....##.
#.....###.###...@.........
#....##.....#...4).....##
#....####.###..........#
#....##....?#..........#
..>..####.###..........#
#....##.....#....).)...#
#########.###...>......#
#..))..........#
################


You could see an orange demon (can't see you).

Vanquished Creatures
  Amaemon (D:8)
  Pikel (D:4)
  The ghost of NateTC the Cutter, an amateur DrGl (D:5)
  Prince Ribbit (D:6)
  Sigmund (D:5)
  A steam dragon (D:6)
  A vampire mosquito (D:7)
  Menkaure (D:6)
  2 water moccasins
  2 orc warriors (D:6)
  2 ice beasts
  5 black bears
  3 ogres
  A centaur (D:6)
  2 lemures (D:3)
  A phantom (D:6)
  A kobold brigand (D:7)
  A gnoll sergeant (D:7)
  2 necrophages (D:6)
  2 scorpions
  4 wights
  3 howler monkeys
  3 jellies
  2 hounds
  4 orc priests
  3 iguanas
  6 orc wizards
  12 gnolls
  10 adders
  2 river rats (D:5)
  7 white imps
  3 ufetubi
  2 worms (D:2)
  2 dart slugs
  37 orcs
  10 endoplasms
  3 giant cockroaches
  5 goblins
  8 hobgoblins
  8 jackals
  13 kobolds
  3 quokkas
  14 ball pythons
  7 bats
  7 frilled lizards
  9 rats
219 creatures vanquished.

Vanquished Creatures (collateral kills)
  A vampire mosquito (D:7)
  A bullfrog (D:7)
  2 wights (D:7)
4 creatures vanquished.

Grand Total: 223 creatures vanquished

Notes
Turn   | Place    | Note
-------+----------+-------------------------------------------
     0 | D:1      | zishaf the Vampire Enchanter began the quest for the Orb.
     0 | D:1      | Reached XP level 1. HP: 13/13 MP: 3/3
   159 | D:1      | Reached XP level 2. HP: 17/20 MP: 5/5
   451 | D:1      | Found a faded altar of an unknown god.
   571 | D:1      | Learned a level 2 spell: Ensorcelled Hibernation
   923 | D:1      | Reached skill level 1 in Fighting
   923 | D:1      | Gained mutation: You are afflicted with vampirism and can
                  | become a bat while bloodless. [Vampire growth]
   923 | D:1      | Reached XP level 3. HP: 20/20 MP: 6/6
  1409 | D:2      | Reached skill level 5 in Stealth
  1690 | D:2      | Reached skill level 5 in Hexes
  1730 | D:2      | Reached skill level 1 in Ice Magic
  2179 | D:2      | Reached XP level 4. HP: 25/25 MP: 7/7
  2244 | D:3      | Found Ownoto's Antique Armour Emporium.
  2344 | D:3      | Reached XP level 5. HP: 27/30 MP: 1/8
  2483 | D:3      | Learned a level 3 spell: Tukima's Dance
  2487 | D:3      | Learned a level 3 spell: Confusing Touch
  3569 | D:4      | Reached skill level 6 in Hexes
  3569 | D:4      | Reached XP level 6. HP: 35/35 MP: 9/9
  3649 | D:4      | Found a shimmering altar of Xom.
  4214 | D:4      | Noticed Pikel
  4220 | D:4      | Killed Pikel
  4221 | D:4      | Reached XP level 7. HP: 41/41 MP: 5/11
  4230 | D:4      | Found a blossoming altar of Fedhas.
  4433 | D:4      | Reached skill level 7 in Hexes
  4447 | D:4      | Reached XP level 8. HP: 46/46 MP: 4/12
  4672 | D:5      | Entered Level 5 of the Dungeon
  4677 | D:5      | Found a runed translucent door.
  5037 | D:5      | Noticed Sigmund
  5532 | D:5      | Found a runed translucent door.
  5540 | D:5      | Noticed NateTC's ghost (amateur DrGl)
  5621 | D:5      | Reached skill level 5 in Short Blades
  5791 | D:5      | Killed Sigmund
  5792 | D:5      | Reached skill level 8 in Hexes
  5849 | D:5      | Found a sacrificial altar of Ru.
  6242 | D:5      | Killed NateTC's ghost
  6536 | D:6      | Found a radiant altar of Vehumet.
  6537 | D:6      | Noticed Menkaure
  6540 | D:6      | Found a staircase to the Ecumenical Temple.
  6542 | D:6      | Reached XP level 9. HP: 52/52 MP: 15/15
  6552 | D:6      | Killed Menkaure
  6571 | Temple   | Entered the Ecumenical Temple
  6731 | Temple   | Became a worshipper of the Wu Jian Council
  6866 | D:6      | Reached skill level 9 in Hexes
  6866 | D:6      | Reached skill level 5 in Ice Magic
  6873 | D:6      | Learned a level 3 spell: Frozen Ramparts
  6878 | D:6      | Learned a level 4 spell: Summon Ice Beast
  6930 | D:6      | Noticed Prince Ribbit
  6940 | D:6      | Killed Prince Ribbit
  6962 | D:6      | Reached skill level 5 in Fighting
  6962 | D:6      | Reached skill level 1 in Summonings
  7582 | D:6      | Reached * piety under Wu Jian
  7928 | D:7      | Reached XP level 10. HP: 53/76 MP: 9/16
  8711 | D:8      | Noticed a moth of wrath
  8811 | D:8      | Noticed Amaemon
  8815 | D:8      | Noticed an orange demon
  8834 | D:8      | Killed Amaemon
  8835 | D:8      | Reached skill level 5 in Dodging
  8835 | D:8      | Reached skill level 1 in Shields
  8836 | D:8      | Succumbed to an orange demon's poison

Illustrated notes

Levels and vault maps discovered:
D:1:      dpeg_arrival_leaves_temple_mockup, layout_loops_ring,
          hellmonk_ecumenical_altar_run_dry, minmay_misc_feat_four_crosses,
          serial_bayou_ford_a
D:2:      layout_basic
D:3:      layout_loops_ring, serial_shops, nicolae_shop_advertising_works
          [nicolae_subvault_shop_adworks], minmay_crystal_water
D:4:      layout_basic, overflow_temple_1_default, lemuel_tele_altar,
          minmay_pentangle, uniq_pikel
D:5:      layout_basic, mainiacjoe_overflow_divided_tiny, ebering_ghost_sewer_f,
          uniq_sigmund
D:6:      cheibrodos_fzero, layout_rooms, fiery_altar_vehumet,
          minmay_temple_entry_mist, uniq_prince_ribbit1, uniq_menkaure
D:7:      layout_cave_pools
D:8:      layout_rooms, mainiacjoe_overflow_six_doors_small, trog_hazing_becter,
          david_lair_shrubbed, gammafunk_ghost_wrathful_warriors,
          minmay_misc_feat_hallway, uniq_amaemon
Temple:   chequers_temple_sunken

Skill      XL: |  1  2  3  4  5  6  7  8  9 10 |
---------------+-------------------------------+-----
Fighting       | 1 2 3 4 5 6 |  6.1
Short Blades   | 2 3 4 5 7 |  7.4
Stealth        | 5 6 7 8 |  8.0
Hexes          | 5 6 7 8 9 |  9.0
Ice Magic      | 1 2 3 4 6 |  6.5
Spellcasting   | 3 4 |  4.4
Summonings     | 3 |  3.6
Dodging        | 4 5 |  5.0
Shields        | 1 |  1.0

Action                   |  1- 3 |  4- 6 |  7- 9 | 10-12 || total
-------------------------+-------+-------+-------+-------++-------
Melee: Dagger            |   117 |   126 |   192 |    84 ||   519
       Bite              |    14 |     6 |    22 |    14 ||    56
       Punch             |     2 |     2 |     3 |     1 ||     8
 Cast: Ensorcelled Hiber |       |    16 |    67 |    11 ||    94
       Confusing Touch   |       |       |     9 |     2 ||    11
       Tukima's Dance    |       |       |     1 |     6 ||     7
       Summon Ice Beast  |       |       |     1 |       ||     1
       Frozen Ramparts   |       |       |       |     1 ||     1
Invok: Lunge             |       |       |    15 |     6 ||    21
       Whirlwind         |       |       |     5 |     1 ||     6
 Abil: Exsanguinate      |     1 |       |       |     1 ||     2
       Revivify          |       |       |     1 |       ||     1
  Use: Scroll            |       |    12 |     3 |       ||    15
       Potion            |       |     1 |       |     4 ||     5
 Stab: Sleeping          |    27 |    23 |    46 |     5 ||   101
       Distracted        |       |     1 |     3 |       ||     4
       Invisible         |       |     3 |       |     1 ||     4
       Confused          |       |       |     7 |     2 ||     9
Armor: Robe              |    13 |    38 |    63 |    20 ||   134
Dodge: Dodged            |    61 |    80 |    96 |    64 ||   301
Block: Buckler           |       |       |       |     7 ||     7

Table legend: (Time is in decaauts)
 A = Elapsed time spent in this place.
 B = Non-inter-level travel time spent in this place.
 C = Inter-level travel time spent in this place.
 D = Time resting spent in this place.
 E = Time spent auto-exploring this place.
 F = Levels seen in this place.
 G = Mean time per level.
                   A        B        C        D        E       F      G
               +--------+--------+--------+--------+--------+-----+--------+
         Total |   8821 |   8584 |    237 |   1696 |   4927 |   9 |  980.1 |
       Dungeon |   8595 |   8386 |    209 |   1696 |   4737 |   8 | 1074.4 |
        Temple |    226 |    199 |     27 |      0 |    190 |   1 |  226.0 |
               +--------+--------+--------+--------+--------+-----+--------+

Top non-repeatable levels by time:
     D:4: 1943 daAuts
     D:5: 1578 daAuts
     D:1: 1319 daAuts
     D:3: 1085 daAuts
     D:2: 877 daAuts
     D:6: 824 daAuts
     D:7: 764 daAuts
  Temple: 226 daAuts
     D:8: 203 daAuts
